 Dungeon Crawl Stone Soup version 0.26.0-10-g1f06aea511 (webtiles) character file.

Game seed: 7648946492652987813

511 sanka the Covert (level 7, -1/67 HPs)
             Began as a Naga Delver on Jan 19, 2021.
             Was a Believer of Makhleb.
             Splashed by a jelly's acid (10 damage)
             ... on level 6 of the Dungeon.
             The game lasted 00:11:13 (5553 turns).

sanka the Covert (Naga Delver)                      Turns: 5553, Time: 00:11:14

Health: -1/67      AC: -3    Str: 15    XL:     7   Next: 19%
Magic:  0/7        EV: 13    Int: 12    God:    Makhleb [**....]
Gold:   331        SH:  0    Dex: 12    Spells: 6/6 levels left

rFire    . . .     SeeInvis +   a - +0 hand axe
rCold    . . .     Faith    .   (no shield)
rNeg     . . .     Spirit   +   b - +0 leather armour
rPois    +         Reflect  .   j - +0 helmet
rElec    .         Harm     .   i - +0 cloak
rCorr    .         Rampage  .   B - +2 pair of gloves
Will     .....                  (no barding)
Stlth    +++.......             h - amulet of guardian spirit
HPRegen  0.21/turn              (no ring)
MPRegen  0.10/turn              o - +4 ring of evasion

@: corroded, very slow
A: large, see invisible, deformed body, poison resistance, slowness 2, spit
poison 1, AC +2
a: Spit Poison, Renounce Religion, Minor Destruction


You were on level 6 of the Dungeon.
You worshipped Makhleb.
Makhleb was pleased with you.
You visited 1 branch of the dungeon, and saw 6 of its levels.

You collected 331 gold pieces.


Innate Abilities, Weirdness & Mutations

You cannot wear boots.
Your serpentine skin is tough. (AC +2)
You have supernaturally acute eyesight. (SInv)
Armour fits poorly on your strangely shaped body.
Your system is resistant to poisons. (rPois)
You cover ground very slowly.
You can spit poison.


   Skills:
 + Level 5.4 Fighting
 + Level 5.5 Axes
 - Level 1.5 Dodging
 - Level 8.0 Stealth
 + Level 1.1 Invocations


You had 6 spell levels left.
You didn't know any spells.
Your spell library was empty.

Inventory:

Hand Weapons
 a - a +0 hand axe (weapon)
 e - a +0 flail of protection
 k - a +0 long sword
 l - a -2 long sword
Missiles
 m - 2 curare-tipped darts {=f}
Armour
 b - a +0 leather armour (worn)
 i - a +0 cloak (worn)
 j - a +0 helmet (worn)
 B - a +2 pair of gloves (worn)
Magical Staves
 t - an uncursed staff of death
Jewellery
 h - an amulet of guardian spirit (around neck)
 o - a +4 ring of evasion (right hand)
 q - an uncursed ring of ice
 A - an uncursed amulet of reflection
Wands
 g - a wand of digging (3)
Scrolls
 c - 3 scrolls of fog
 d - a scroll of magic mapping
 n - 3 scrolls of remove curse
 r - a scroll of enchant weapon
 s - a scroll of amnesia
 x - a scroll of fear
Potions
 f - a potion of haste {@q3}
 p - 2 potions of resistance {unknown}
 u - a potion of flight {unknown}
 v - a potion of attraction {unknown}
 w - a potion of might {unknown}
 z - a potion of heal wounds {@q2}
 C - a potion of mutation {unknown}

Dungeon Overview and Level Annotations

Branches:
Dungeon (6/15)
 Temple: D:4-7

Altars:
Hepliaklqana
Makhleb
Xom

Shops:
D:5 }:}[=

▒▒▒▒▒▒▒▒.▒▒
▒<..NJ....▒
▒...........▒
▒▒▒▒▒▒▒▒▒▒.▒▒
▒


You could see a jelly.


Message History

* * * LOW HITPOINT WARNING * * *
The jelly is heavily wounded.
The jelly closely misses you.
Unknown command.
You hit the jelly but do no damage.
Your hands burn!
* * * LOW HITPOINT WARNING * * *
The jelly is heavily wounded.
The jelly closely misses you.
Unknown command.
Unknown command.
You hit the jelly.
Your hands burn!
* * * LOW HITPOINT WARNING * * *
The jelly is heavily wounded.
The jelly hits you.
* * * LOW HITPOINT WARNING * * *
The acid corrodes you!
You are splashed with acid!
* * * LOW HITPOINT WARNING * * *
You hit the jelly but do no damage. The acid corrodes you!
Your hands burn!
* * * LOW HITPOINT WARNING * * *
The jelly is heavily wounded.
The jelly hits you.
* * * LOW HITPOINT WARNING * * *
The acid corrodes you!
You are splashed with acid!
You die...

Action                   |  1- 3 |  4- 6 |  7- 9 || total
-------------------------+-------+-------+-------++-------
Melee: Long sword        |     4 |       |       ||     4
       Hand axe          |       |   308 |    28 ||   336
 Abil: Spit Poison       |     7 |    32 |       ||    39
  Use: Scroll            |     1 |     4 |     3 ||     8
       Potion            |       |     1 |       ||     1
 Stab: Sleeping          |       |    20 |     2 ||    22
       Distracted        |       |     1 |       ||     1
Armor: Leather armour    |     3 |    66 |     6 ||    75
Dodge: Dodged            |     5 |   183 |    19 ||   207
       Rpst.: Long sword |     3 |       |       ||     3

Levels and vault maps discovered:
D:1:      roderic_dead_forest, layout_basic, serial_forest,
          infiniplex_forest_lined_1, infiniplex_forest_zigzag_1,
          infiniplex_forest_clump_small, infiniplex_forest_lined_room_2,
          infiniplex_forest_corner_1, infiniplex_forest_clump_double,
          infiniplex_forest_straight_3, infiniplex_forest_3_way,
          minmay_strange_pillars, minmay_rat_gold_closets
D:2:      layout_basic, chequers_ecumenical_altar_simple
D:3:      layout_basic, cheibrodos_sewer_entry_bend, serial_park_tiny_2,
          corexii_shack
D:4:      cheibrodos_thug_alley, layout_loops_ring, uniq_natasha
D:5:      layout_basic, general_overflow_altar, lemuel_coloured_pillars_altar,
          serial_shops, shop, shop, kennysheep_mini_moat, shop, shop_fountains
D:6:      layout_basic, serial_shops, shop_fountains, dk_yredelemnul_ordeal,
          uniq_pikel, uniq_duvessa

Notes
Turn   | Place    | Note
-------+----------+-------------------------------------------
     0 | D:5      | sanka the Naga Delver began the quest for the Orb.
     0 | D:5      | Reached XP level 1. HP: 21/21 MP: 1/1
    93 | D:5      | Found Gamatw Getti's Gadget Boutique.
   280 | D:5      | Noticed a hound
   297 | D:5      | HP: 2/21 [hound (1)]
   298 | D:5      | Killed a hound
   299 | D:5      | Reached skill level 8 in Stealth
   299 | D:5      | Reached skill level 3 in Axes
   299 | D:5      | Reached XP level 2. HP: 4/28 MP: 0/2
   299 | D:5      | Reached XP level 3. HP: 4/34 MP: 0/3
   819 | D:5      | Found a shimmering altar of Xom.
   864 | D:5      | Found Ufyrch's Gadget Shoppe.
   885 | D:5      | Found a hazy altar of Hepliaklqana.
  1118 | D:4      | Reached XP level 4. HP: 42/42 MP: 4/4
  1229 | D:4      | Noticed a big kobold
  1525 | D:4      | Reached skill level 4 in Axes
  1525 | D:4      | Reached XP level 5. HP: 31/50 MP: 2/5
  1539 | D:4      | Reached skill level 4 in Fighting
  2174 | D:3      | Reached XP level 6. HP: 43/58 MP: 4/6
  2993 | D:2      | Reached skill level 5 in Axes
  3125 | D:2      | Found a faded altar of an unknown god.
  3195 | D:2      | Reached skill level 5 in Fighting
  3516 | D:2      | Became a worshipper of Makhleb the Destroyer
  3516 | D:2      | Reached * piety under Makhleb
  4529 | D:4      | Noticed Natasha
  4541 | D:4      | Killed Natasha
  4613 | D:4      | Reached ** piety under Makhleb
  4804 | D:4      | Reached skill level 1 in Invocations
  4804 | D:4      | Reached XP level 7. HP: 54/67 MP: 5/7
  5271 | D:5      | Found Vail Fye's Jewellery Shop.
  5337 | D:5      | Found Ebben's Armour Emporium.
  5553 | D:6      | Splashed by a jelly's acid

Vanquished Creatures
  A big kobold (D:4)
  A hound (D:5)
  2 orc priests
  A bullfrog skeleton (D:4)
  Natasha (D:4)
  4 orc wizards (D:4)
  10 adders
  An ooze (D:3)
  An adder skeleton (D:5)
  An adder zombie (D:5)
  3 worms
  3 dart slugs
  3 leopard geckos
  8 orcs
  2 giant cockroaches
  4 goblins
  7 hobgoblins
  2 quokkas (D:4)
  5 bats
  2 frilled lizards
  16 kobolds
  12 rats
90 creatures vanquished.

Vanquished Creatures (others)
  A plant (D:1)
1 creature vanquished.

Grand Total: 91 creatures vanquished

Table legend: (Time is in decaauts)
 A = Elapsed time spent in this place.
 B = Non-inter-level travel time spent in this place.
 C = Inter-level travel time spent in this place.
 D = Time resting spent in this place.
 E = Time spent auto-exploring this place.
 F = Levels seen in this place.
 G = Mean time per level.
                   A        B        C        D        E       F      G
               +--------+--------+--------+--------+--------+-----+--------+
         Total |   7012 |   6605 |    407 |   1230 |   4059 |   6 | 1168.7 |
       Dungeon |   7012 |   6605 |    407 |   1230 |   4059 |   6 | 1168.7 |
               +--------+--------+--------+--------+--------+-----+--------+

Top non-repeatable levels by time:
     D:4: 2115 daAuts
     D:5: 1719 daAuts
     D:3: 1272 daAuts
     D:1: 1158 daAuts
     D:2: 734 daAuts
     D:6: 13 daAuts
